 Dungeon Crawl Stone Soup version 0.22-a0-542-gce4f928 (webtiles) character file.

483 kae the Slasher (level 6, -3/56 HPs)
             Began as a Minotaur Fighter on June 25, 2018.
             Slain by an iron imp (5 damage)
             ... summoned by Eustachio
             ... on level 4 of the Dungeon.
             The game lasted 00:02:14 (3114 turns).

kae the Slasher (Minotaur Fighter)                  Turns: 3114, Time: 00:02:15

Health: -3/56      AC:  8    Str: 28      XL:     6   Next: 88%
Magic:  5/5        EV:  9    Int:  5      God:
Gold:   192        SH: 10    Dex:  8 (9)  Spells: 5/5 levels left

rFire    + . .     SeeInvis .   a - +1 long sword
rCold    + . .     Gourm    .   c - +0 shield
rNeg     . . .     Faith    .   b - +1 scale mail
rPois    +         Spirit   .   (helmet restricted)
rElec    +         Reflect  .   (no cloak)
rCorr    +         Harm     .   (no gloves)
MR       .....                  (no boots)
Stlth    ..........             (no amulet)
HPRegen  0.18/turn              (no ring)
MPRegen  0.09/turn              (no ring)

@: mighty, resistant
A: retaliatory headbutt, horns 2
a: no special abilities


You were on level 4 of the Dungeon.
You were hungry.

You visited 1 branch of the dungeon, and saw 4 of its levels.

You collected 192 gold pieces.

Inventory:

Hand Weapons
 a - a +1 long sword (weapon)
Armour
 b - a +1 scale mail (worn)
 c - a +0 shield (worn)
Jewellery
 k - a +2 ring of protection {unknown}
 m - an uncursed ring of fire {unknown}
 w - an uncursed ring of protection from magic {unknown}
 y - an uncursed ring of stealth {unknown}
Scrolls
 e - a scroll of teleportation
 h - a scroll of amnesia
 i - a scroll of magic mapping
 r - a scroll of enchant armour
 s - a scroll of enchant weapon
Potions
 d - a potion of might
 g - a potion of resistance
 l - a potion of lignification {unknown}
 o - a potion of ambrosia {unknown}
 p - a potion of agility {unknown}
 q - a potion of berserk rage {unknown}
 x - a potion of brilliance {unknown}
 z - a potion of degeneration {unknown}
Comestibles
 f - 5 rations


   Skills:
 + Level 5.3 Fighting
 * Level 6.0 Long Blades
 + Level 5.2 Armour
 + Level 3.2 Dodging
 - Level 3.6 Shields


You had 5 spell levels left.
You didn't know any spells.
Your spell library was empty.

Dungeon Overview and Level Annotations

Branches:
Dungeon (4/15)             Temple (0/1) D:4

Altars:
Cheibriados

Annotations:
D:4 Eustachio


Innate Abilities, Weirdness & Mutations

You reflexively headbutt those who attack you in melee.
You have a pair of horns on your head.


Message History

You barely miss Eustachio. You headbutt Eustachio.
Eustachio is severely wounded.
The quasit disappears in a puff of smoke!
Eustachio mumbles some strange words.
Eustachio blinks!
You block the shadow imp's attack.
You slash the iron imp!
The iron imp is heavily wounded.
Eustachio gestures wildly while chanting.
Eustachio blinks!
You block the iron imp's attack. The shadow imp barely misses you.
You furiously retaliate!
You headbutt the shadow imp! The shadow imp gestures at you.
Pain shoots through your body!
* * * LOW HITPOINT WARNING * * *
The shadow imp gestures at you. Pain shoots through your body!
* * * LOW HITPOINT WARNING * * *
You block the iron imp's attack. The iron imp hits you.
You die...

#.###.#.# *,* (##
##..############ *,* ##
#.###.#............## *,* #.
##.#..###########...## *,*
#. #..#.# ##.....## *,* #.
#.##.#########.....>.###**,*
#.
#.##....................,,,*
#.
#.############..5....#******
#. #.# ### ##@5...#####* #.
#.# ##.## ##5........* ##
#.# ##<..############.# #
#.# #....<.......,,,..# #
#.# ##>...#####.#***#.# #
#.########.#.# *,* #.# #
#..........#.# *,* #.# #
############.# *,* #.# # #.#
#.#####.#######


You could see an iron imp and 2 shadow imps.

Vanquished Creatures
  3 ogres (D:4)
  A crimson imp (D:2)
  An orc priest (D:3)
  Jessica (D:3)
  A worker ant (D:4)
  2 adders
  2 oozes (D:2)
  A worm (D:2)
  5 dart slugs (D:1)
  8 orcs (D:3)
  8 bats
  A giant cockroach (D:4)
  8 goblins
  7 hobgoblins
  A jackal (D:2)
  10 kobolds
  2 quokkas
  A ball python (D:3)
  7 frilled lizards
  7 rats
77 creatures vanquished.

Notes
Turn   | Place    | Note
-------+----------+-------------------------------------------
     0 | D:1      | kae the Minotaur Fighter began the quest for the Orb.
     0 | D:1      | Reached XP level 1. HP: 19/19 MP: 0/0
    75 | D:1      | Reached XP level 2. HP: 27/27 MP: 1/1
   165 | D:1      | Reached skill level 3 in Long Blades
   320 | D:1      | Reached skill level 1 in Dodging
   506 | D:2      | Noticed a crimson imp
   520 | D:2      | Killed a crimson imp
   520 | D:2      | Reached XP level 3. HP: 33/33 MP: 2/2
   562 | D:2      | Found a faded altar of an unknown god.
   575 | D:2      | Reached XP level 4. HP: 40/40 MP: 3/3
   789 | D:2      | Reached skill level 4 in Long Blades
  1438 | D:3      | Noticed Jessica
  1445 | D:3      | Killed Jessica
  1445 | D:3      | Reached XP level 5. HP: 42/47 MP: 4/4
  1553 | D:3      | Found a snail-covered altar of Cheibriados.
  2165 | D:4      | Noticed an ogre
  2173 | D:4      | Killed an ogre
  2173 | D:4      | Reached skill level 5 in Long Blades
  2173 | D:4      | Reached XP level 6. HP: 21/55 MP: 5/5
  2505 | D:4      | Reached skill level 5 in Fighting
  2505 | D:4      | Reached skill level 5 in Armour
  2789 | D:4      | Reached skill level 6 in Long Blades
  3085 | D:4      | Noticed Eustachio
  3113 | D:4      | HP: 1/56 [shadow imp/nerve-wracking pain[Eustachio] (7)]
  3114 | D:4      | Slain by an iron imp

Vault maps used:
D:1:      onia_arrival_mini_spirals
D:2:      chequers_ecumenical_altar_island, kennysheep_minor_cross
D:3:      nicolae_overflow_hidden_temple, serial_glass, glass_columns_b,
          glass_columns_a, first_ration, uniq_jessica
D:4:      minmay_temple_entry_fiery, corexii_corridor_pit, uniq_eustachio

Skill      XL: |  1  2  3  4  5  6 |
---------------+-------------------+-----
Long Blades    | 3 4 5 6 |  6.0
Dodging        | 1 2 3 |  3.2
Fighting       | 4 5 |  5.3
Armour         | 4 5 |  5.2
Shields        | |  3.6

Action                   |  1- 3 |  4- 6 || total
-------------------------+-------+-------++-------
Melee: Long sword        |    53 |   158 ||   211
       Headbutt          |     7 |    32 ||    39
  Use: Scroll            |       |     9 ||     9
       Potion            |       |     2 ||     2
  Eat: Chunk             |       |     3 ||     3
       Ration            |       |     1 ||     1
Armor: Scale mail        |    20 |    83 ||   103
Dodge: Dodged            |    14 |    64 ||    78
Block: Shield            |    22 |   106 ||   128
       Rpst.: Long sword |     4 |    11 ||    15

Table legend:
 A = Spawn XP
 B = Non-spawn XP
 C = Spawn XP percentage of total XP
 D = Spawn monster count
 E = Non-spawn monster count
 F = Spawn count percentage of total count
 G = Total turns spent on level
                    A         B        C        D         E        F      G
               +---------+---------+-------+---------+---------+-------+---------
         Total |       0 |     691 |   0.0 |       0 |      77 |   0.0 |  3114
               +---------+---------+-------+---------+---------+-------+---------
           D:1 |       0 |      35 |   0.0 |       0 |      16 |   0.0 |   496
           D:2 |       0 |     108 |   0.0 |       0 |      24 |   0.0 |   817
           D:3 |       0 |     135 |   0.0 |       0 |      30 |   0.0 |   616
           D:4 |       0 |     413 |   0.0 |       0 |       7 |   0.0 |  1185
               +---------+---------+-------+---------+---------+-------+---------
